ITL
INDIANA HOUNDS @ BIRMINGHAM BARONS
06/29/2028
 
TOP OF THE 1ST
Indiana Hounds batting - Pitching for Birmingham Barons : LHP Marcos Bautista
Pitching: LHP Marcos Bautista
Batting: RHB Javier Martínez 0-0: Ball
1-0: Called Strike
1-1: Ball
2-1: Fly out, F8 (Flyball, 8LM)
Batting: SHB Dave MacThomas 0-0: Ball
1-0: Called Strike
1-1: Ball
2-1: Swinging Strike
2-2: Strikes out swinging
Batting: RHB Bob Lazzeri 0-0: Called Strike
0-1: Ball
1-1: Called Strike
1-2: Ball
2-2: Foul Ball, location: 2F
2-2: SOLO HOME RUN (Flyball, 89XD), Distance : 405 ft
Batting: RHB Danny Walker 0-0: Ball
1-0: Ball
2-0: Ball
3-0: Base on Balls
Batting: LHB John Cotton 0-0: Foul Ball, location: 2F
0-1: Swinging Strike
0-2: Ball
1-2: Strikes out swinging
Top of the 1st over - 1 run(s), 1 hit(s), 0 error(s), 1 left on base; Indiana 1 - Birmingham 0
BOTTOM OF THE 1ST
Birmingham Barons batting - Pitching for Indiana Hounds : RHP Alvin Heath
Pitching: RHP Alvin Heath
Batting: LHB Alberto Santos 0-0: DOUBLE (Line Drive, 9LM)
Batting: RHB Yujiro Kurihara 0-0: Ball
1-0: Ball
2-0: Ball
3-0: Called Strike
3-1: SINGLE (Flyball, 78S)
Alberto Santos to third
Runner from 3rd tries for Home, throw and OUT!
Batting: LHB José Rivera 0-0: Called Strike
0-1: Swinging Strike
0-2: Ball
1-2: Ball
2-2: Strikes out swinging
Batting: RHB Eric Johnson 0-0: Ball
1-0: Foul Ball, location: 2F
1-1: Ball
2-1: Ball
3-1: Base on Balls
Yujiro Kurihara to second
Batting: RHB Carlos García 0-0: Foul Ball, location: 2F
0-1: Ball
1-1: Ball
2-1: Ball
3-1: Called Strike
3-2: Ground out 5-3 (Groundball, 5S)
Bottom of the 1st over - 0 run(s), 2 hit(s), 0 error(s), 2 left on base; Indiana 1 - Birmingham 0
TOP OF THE 2ND
Indiana Hounds batting - Pitching for Birmingham Barons : LHP Marcos Bautista
Batting: LHB Denny Poole 0-0: Called Strike
0-1: Called Strike
0-2: Ball
1-2: SINGLE (Flyball, 8RS)
Batting: LHB Pepe Vázquez 0-0: Called Strike
0-1: Ball
1-1: Ball
2-1: Called Strike
2-2: Strikes out swinging
Batting: LHB Jim Clemente 0-0: Ball
1-0: Ball
2-0: Called Strike
2-1: Swinging Strike
2-2: Ball
3-2: Fly out, F9 (Flyball, 9)
Batting: RHB Octávio Marín 0-0: Called Strike
0-1: Foul Ball, location: 2F
0-2: Fly out, F8 (Flyball, 8RD)
Top of the 2nd over - 0 run(s), 1 hit(s), 0 error(s), 1 left on base; Indiana 1 - Birmingham 0
BOTTOM OF THE 2ND
Birmingham Barons batting - Pitching for Indiana Hounds : RHP Alvin Heath
Batting: SHB Orlando Aguilar 0-0: Swinging Strike
0-1: Called Strike
0-2: Strikes out swinging
Batting: RHB Bryant von Bohlen 0-0: Called Strike
0-1: Ball
1-1: Ball
2-1: Ball
3-1: Foul Ball, location: 2F
3-2: Foul Ball, location: 2F
3-2: Reached on error, E5 (Groundball, 5)
Batting: LHB John Haney 0-0: Swinging Strike
0-1: Ball
1-1: Fielders Choice at 2nd, 2-4 (Groundball, 2L)
Batting: RHB Carlos Vásquez 0-0: Ball
1-0: Swinging Strike
1-1: Foul Ball, location: 2F
1-2: Ball
2-2: Strikes out looking
Bottom of the 2nd over - 0 run(s), 0 hit(s), 1 error(s), 1 left on base; Indiana 1 - Birmingham 0
TOP OF THE 3RD
Indiana Hounds batting - Pitching for Birmingham Barons : LHP Marcos Bautista
Batting: RHB Javier Martínez 0-0: Called Strike
0-1: Ball
1-1: Swinging Strike
1-2: Strikes out looking
Batting: SHB Dave MacThomas 0-0: Called Strike
0-1: Ball
1-1: Foul Ball, location: 2F
1-2: Strikes out swinging
Batting: RHB Bob Lazzeri 0-0: Swinging Strike
0-1: Ball
1-1: Foul Ball, location: 2F
1-2: Ball
2-2: Strikes out swinging, 2-3 out at first.
Top of the 3rd over - 0 run(s), 0 hit(s), 0 error(s), 0 left on base; Indiana 1 - Birmingham 0
BOTTOM OF THE 3RD
Birmingham Barons batting - Pitching for Indiana Hounds : RHP Alvin Heath
Batting: LHB Alberto Santos 0-0: Called Strike
0-1: Fly out, F9 (Line Drive, 9)
Batting: RHB Yujiro Kurihara 0-0: Called Strike
0-1: Foul Ball, location: 2F
0-2: Ball
1-2: Fly out, F5 (Popup, 56)
Batting: LHB José Rivera 0-0: Ball
1-0: Ball
2-0: Ball
3-0: Called Strike
3-1: Foul Ball, location: 2F
3-2: Strikes out looking
Bottom of the 3rd over - 0 run(s), 0 hit(s), 0 error(s), 0 left on base; Indiana 1 - Birmingham 0
TOP OF THE 4TH
Indiana Hounds batting - Pitching for Birmingham Barons : LHP Marcos Bautista
Batting: RHB Danny Walker 0-0: Ball
1-0: Ground out 1-3 (Groundball, P)
Batting: LHB John Cotton 0-0: Ball
1-0: Ball
2-0: Ball
3-0: Called Strike
3-1: Base on Balls
Batting: LHB Denny Poole 0-0: Foul Ball, location: 2F
0-1: Foul Ball, location: 2F
0-2: Foul Ball, location: 2F
0-2: Strikes out swinging
Batting: LHB Pepe Vázquez 0-0: Ball
1-0: SINGLE (Line Drive, 34D)
John Cotton to second
Runner from 2nd tries for 3rd, SAFE, throw made to third
Batting: LHB Jim Clemente 0-0: Swinging Strike
0-1: Ball
1-1: Foul Ball, location: 2F
1-2: SINGLE (Groundball, 56D)
John Cotton scores
Pepe Vázquez to second
Batting: RHB Octávio Marín 0-0: Swinging Strike
0-1: Ball
1-1: Ball
2-1: Foul Ball, location: 2F
2-2: Foul Ball, location: 2F
2-2: Foul Ball, location: 2F
2-2: Fly out, F9 (Flyball, 9LM)
Top of the 4th over - 1 run(s), 2 hit(s), 0 error(s), 2 left on base; Indiana 2 - Birmingham 0
BOTTOM OF THE 4TH
Birmingham Barons batting - Pitching for Indiana Hounds : RHP Alvin Heath
Batting: RHB Eric Johnson 0-0: Ball
1-0: Ball
2-0: SOLO HOME RUN (Flyball, 7D), Distance : 356 ft
Batting: RHB Carlos García 0-0: Ball
1-0: SINGLE (Flyball, 89M)
Batting: SHB Orlando Aguilar 0-0: Ball
1-0: Grounds into double play, 5-4-3 (Groundball, 56)
Batting: RHB Bryant von Bohlen 0-0: SOLO HOME RUN (Flyball, 7LD), Distance : 359 ft
Batting: LHB John Haney 0-0: Ball
1-0: Called Strike
1-1: Ball
2-1: Ball
3-1: Swinging Strike
3-2: Base on Balls
Batting: RHB Carlos Vásquez 0-0: Ball
1-0: Ball
John Haney is caught stealing 2nd base
Bottom of the 4th over - 2 run(s), 3 hit(s), 0 error(s), 0 left on base; Indiana 2 - Birmingham 2
TOP OF THE 5TH
Indiana Hounds batting - Pitching for Birmingham Barons : LHP Marcos Bautista
Batting: RHB Javier Martínez 0-0: Ball
1-0: Foul Ball, location: 2F
1-1: Reached on error, E5 (Groundball, 5S)
Pitching: RHP Ken Lyons
Batting: SHB Dave MacThomas 0-0: Ball
1-0: Called Strike
1-1: Called Strike
1-2: Fly out, F5 (Line Drive, 56)
Batting: RHB Bob Lazzeri 0-0: Ball
1-0: Ground out 5-3 (Groundball, 56S)
Javier Martínez to second
Batting: RHB Danny Walker 0-0: Called Strike
0-1: Ball
1-1: Ball
2-1: Fly out, F8 (Flyball, 89M)
Top of the 5th over - 0 run(s), 0 hit(s), 1 error(s), 1 left on base; Indiana 2 - Birmingham 2
BOTTOM OF THE 5TH
Birmingham Barons batting - Pitching for Indiana Hounds : RHP Alvin Heath
Batting: RHB Carlos Vásquez 0-0: Ground out 4-3 (Groundball, 4)
Batting: LHB Alberto Santos 0-0: Fly out, F9 (Line Drive, 9S)
Batting: RHB Yujiro Kurihara 0-0: Foul Ball, location: 2F
0-1: Ground out 4-3 (Groundball, 34)
Bottom of the 5th over - 0 run(s), 0 hit(s), 0 error(s), 0 left on base; Indiana 2 - Birmingham 2
TOP OF THE 6TH
Indiana Hounds batting - Pitching for Birmingham Barons : RHP Ken Lyons
Pitching: LHP Richard Simpson
Batting: LHB John Cotton 0-0: Called Strike
0-1: Ball
1-1: Foul Ball, location: 2F
1-2: Foul Ball, location: 2F
1-2: Ground out 1-3 (Groundball, 15S)
Batting: LHB Denny Poole 0-0: Foul Ball, location: 2F
0-1: Ball
1-1: Ball
2-1: Called Strike
2-2: Strikes out looking
Batting: LHB Pepe Vázquez 0-0: Called Strike
0-1: Foul Ball, location: 2F
0-2: Ball
1-2: Foul Ball, location: 2F
1-2: Fly out, F6 (Line Drive, 6M)
Top of the 6th over - 0 run(s), 0 hit(s), 0 error(s), 0 left on base; Indiana 2 - Birmingham 2
BOTTOM OF THE 6TH
Birmingham Barons batting - Pitching for Indiana Hounds : RHP Alvin Heath
Batting: LHB José Rivera 0-0: Ball
1-0: Called Strike
1-1: Called Strike
1-2: Strikes out looking
Batting: RHB Eric Johnson 0-0: Ball
1-0: Ball
2-0: Foul Ball, location: 2F
2-1: Fly out, F9 (Flyball, 9LM)
Batting: RHB Carlos García 0-0: Foul Ball, location: 2F
0-1: Called Strike
0-2: Foul Ball, location: 2F
0-2: Foul Ball, location: 2F
0-2: Ball
1-2: Ball
2-2: Fly out, F8 (Flyball, 89D)
Bottom of the 6th over - 0 run(s), 0 hit(s), 0 error(s), 0 left on base; Indiana 2 - Birmingham 2
TOP OF THE 7TH
Indiana Hounds batting - Pitching for Birmingham Barons : LHP Richard Simpson
Pitching: RHP Guillermo Lozano
Pinch Hitting: RHB Juan Jose Guevana 0-0: Called Strike
0-1: Ball
1-1: Ball
2-1: Foul Ball, location: 2F
2-2: SINGLE (Line Drive, 6MD)
Pinch Hitting: RHB Adrian Prouse 0-0: Called Strike
0-1: Ball
1-1: Foul Ball, location: 2F
1-2: Fly out, F3 (Popup, 3S)
Pinch Hitting: RHB Vicente Valentín 0-0: Grounds into double play, 6-4-3 (Groundball, 6)
Top of the 7th over - 0 run(s), 1 hit(s), 0 error(s), 0 left on base; Indiana 2 - Birmingham 2
BOTTOM OF THE 7TH
Birmingham Barons batting - Pitching for Indiana Hounds : RHP Alvin Heath
Now at 1B: Juan Jose Guevana
Now in LF: Adrian Prouse
Now in RF: Vicente Valentín
Batting: SHB Orlando Aguilar 0-0: Ball
1-0: Ball
2-0: Fly out, F8 (Flyball, 78S)
Batting: RHB Bryant von Bohlen 0-0: Called Strike
0-1: Ball
1-1: Foul Ball, location: 2F
1-2: Foul Ball, location: 2F
1-2: SINGLE (Line Drive, 8LS)
Batting: LHB John Haney 0-0: Called Strike
0-1: Ball
1-1: Ball
2-1: Foul Ball, location: 2F
2-2: Ball
3-2: Ground out U3 (Groundball, 3S)
Bryant von Bohlen to second
Pitching: RHP Porter Warren
Pinch Hitting: RHB Warren Martin 0-0: Ball
1-0: Swinging Strike
1-1: Swinging Strike
1-2: Foul Ball, location: 2F
1-2: Foul Ball, location: 2F
1-2: Strikes out swinging
Bottom of the 7th over - 0 run(s), 1 hit(s), 0 error(s), 1 left on base; Indiana 2 - Birmingham 2
TOP OF THE 8TH
Indiana Hounds batting - Pitching for Birmingham Barons : RHP Guillermo Lozano
Now at SS: Curt Walker
Batting: SHB Dave MacThomas 0-0: Ball
1-0: Ball
2-0: Called Strike
2-1: Ground out 3-1 (Groundball, 34)
Batting: RHB Bob Lazzeri 0-0: Called Strike
0-1: Foul Ball, location: 2F
0-2: Ball
1-2: Ball
2-2: Foul Ball, location: 2F
2-2: SOLO HOME RUN (Flyball, 9D), Distance : 346 ft
Batting: RHB Danny Walker 0-0: Ball
1-0: Foul Ball, location: 2F
1-1: Ball
2-1: Called Strike
2-2: Strikes out looking
Batting: LHB John Cotton 0-0: Ball
1-0: Foul Ball, location: 2F
1-1: Swinging Strike
1-2: Foul Ball, location: 2F
1-2: SOLO HOME RUN (Flyball, 9D), Distance : 343 ft
Batting: LHB Denny Poole 0-0: Foul Ball, location: 2F
0-1: Foul Ball, location: 2F
0-2: Foul Ball, location: 2F
0-2: Strikes out swinging
Top of the 8th over - 2 run(s), 2 hit(s), 0 error(s), 0 left on base; Indiana 4 - Birmingham 2
BOTTOM OF THE 8TH
Birmingham Barons batting - Pitching for Indiana Hounds : RHP Porter Warren
Batting: LHB Alberto Santos 0-0: Ball
1-0: Called Strike
1-1: Foul Ball, location: 2F
1-2: Strikes out looking
Batting: RHB Yujiro Kurihara 0-0: Called Strike
0-1: Ball
1-1: Fly out, F1 (Line Drive, 15)
Batting: LHB José Rivera 0-0: DOUBLE (Groundball, 3D)
Pitching: RHP Mike Meeks
Batting: RHB Eric Johnson 0-0: Called Strike
0-1: Swinging Strike
0-2: Ball
1-2: Ball
2-2: Ball
3-2: Foul Ball, location: 2F
3-2: Strikes out swinging, 2-3 out at first.
Bottom of the 8th over - 0 run(s), 1 hit(s), 0 error(s), 1 left on base; Indiana 4 - Birmingham 2
TOP OF THE 9TH
Indiana Hounds batting - Pitching for Birmingham Barons : RHP Guillermo Lozano
Batting: LHB Pepe Vázquez 0-0: Called Strike
0-1: Fly out, F5 (Popup, 5S)
Batting: RHB Juan Jose Guevana 0-0: Ground out 5-3 (Groundball, 56)
Batting: RHB Adrian Prouse 0-0: Called Strike
0-1: Ball
1-1: Fly out, F9 (Flyball, 9)
Top of the 9th over - 0 run(s), 0 hit(s), 0 error(s), 0 left on base; Indiana 4 - Birmingham 2
BOTTOM OF THE 9TH
Birmingham Barons batting - Pitching for Indiana Hounds : RHP Mike Meeks
Pitching: RHP Enrique Gómez
Batting: RHB Carlos García 0-0: Ground out 6-3 (Groundball, 6)
Batting: SHB Orlando Aguilar 0-0: Fly out, F8 (Flyball, 8RXD)
Batting: RHB Bryant von Bohlen 0-0: Called Strike
0-1: Ball
1-1: SINGLE (Flyball, 8RS)
Batting: LHB John Haney 0-0: Ball
1-0: Foul Ball, location: 2F
1-1: Swinging Strike
1-2: Ball
2-2: Ball
3-2: Strikes out swinging
Bottom of the 9th over - 0 run(s), 1 hit(s), 0 error(s), 1 left on base; Indiana 4 - Birmingham 2
Tuesday, August 8th, 2017 - OOTP Baseball 17.12 Build 75